 Dungeon Crawl Stone Soup version 0.28-a0-1074-g3cb2360906 (webtiles) character file.

Game seed: 17726616352069664307

514 Essalna the Gusty (level 7, -6/52 HPs)
             Began as a Demonspawn Air Elementalist on Dec 9, 2021.
             Was an Initiate of Vehumet.
             Mangled by an ogre (24 damage)
             ... on level 4 of the Dungeon.
             The game lasted 00:12:55 (4756 turns).

Essalna the Gusty (Demonspawn Air Elementalist)     Turns: 4756, Time: 00:12:56

Health: -6/52      AC:  7    Str:  8    XL:     7   Next: 0%
Magic:  13/13      EV: 11    Int: 18    God:    Vehumet [......]
Gold:   164        SH:  3    Dex: 14    Spells: 9/14 levels left

rFire   . . .      SeeInvis .   o - +3 short sword (venom)
rCold   . . .      Faith    .   d - +0 buckler
rNeg    . . .      Spirit   .   a - +0 robe
rPois   .          Reflect  .   i - +2 helmet
rElec   .          Harm     .   (no cloak)
rCorr   .          Rampage  .   (no gloves)
Will    .....                   (no boots)
Stlth   ++........              g - amulet of regeneration
HPRegen 0.97/turn               (no ring)
MPRegen 0.13/turn               (no ring)

@: very slightly contaminated
A: yellow scales 1, powered by pain 1, demonic touch 1
a: Renounce Religion


You were on level 4 of the Dungeon.
You worshipped Vehumet.
Vehumet was noncommittal.
You visited 2 branches of the dungeon, and saw 5 of its levels.

You collected 164 gold pieces.

Inventory:

Hand Weapons
 f - a +0 dagger
 o - a +3 short sword of venom (weapon)
Armour
 a - a +0 robe (worn)
 d - a +0 buckler (worn)
 i - a +2 helmet (worn)
 n - a +0 leather armour of positive energy
Jewellery
 g - an amulet of regeneration (around neck)
Wands
 c - a wand of flame (22)
 j - a wand of mindburst (4)
 l - a wand of paralysis (3)
Scrolls
 h - 2 scrolls of identify
 k - a scroll of amnesia
 m - 3 scrolls of teleportation
Potions
 b - 2 potions of resistance
 e - 4 potions of curing
 p - a potion of lignification {unknown}


   Skills:
 + Level 3.5 Fighting
 - Level 1.7 Dodging
 - Level 1.7 Stealth
 + Level 4.2 Spellcasting
 - Level 2.0 Conjurations
 + Level 4.7 Air Magic


You had 9 spell levels left.
You knew the following spells:

 Your Spells              Type           Power      Damage    Failure   Level
a - Shock                 Conj/Air       64%        1d7       6%          1
b - Airstrike             Air            10%        N/A       34%         4

Your spell library contained the following spells:

 Spells                   Type           Power      Damage    Failure   Level
 Static Discharge         Conj/Air       16%        N/A       9%          2
 Swiftness                Air            20%        N/A       11%         3
 Foxfire                  Conj/Fire      28%        2x1d5     16%         1
 Scorch                   Fire           6%         2d5       36%         2
 Conjure Flame            Conj/Fire      7%         6-21      43%         3
 Inner Flame              Hex/Fire       3%         N/A       58%         3
 Flame Wave               Conj/Fire      7%         2d4       83%         4
 Summon Cactus Giant      Summ           1%         N/A       100%        6


Dungeon Overview and Level Annotations

Branches:
Dungeon (4/15)             Temple (1/1) D:4

Altars:
Elyvilon
Fedhas
Gozag
Hepliaklqana
Nemelex Xobeh
Qazlal
Uskayaw
Vehumet
Wu Jian
Xom
Yredelemnul
Zin
The Shining One

Shops:
D:1 [


Innate Abilities, Weirdness & Mutations

You are partially covered in yellow scales. (AC +2)
You sometimes gain a little power by taking damage.
Your touch may inflict minor irresistible damage on your foes.


Message History

You miscast Shock.
You are very lightly contaminated with residual magic.
Nothing appears to happen.
The orc hits you but does no damage.
The zap hits the orc!
You kill the orc!
Vehumet accepts your kill.
You have reached level 7!
Your magical contamination has completely faded away.
You see here a +0 hand axe.
Found an escape hatch in the ceiling.
An adder and an ogre come into view.
The ogre shouts!
Casting: Shock (safe; 6% risk of failure)
Confirm with . or Enter, or press ? or * to list all spells.
Okay, then.
The zap hits the ogre.
The ogre is lightly wounded.
The zap hits the ogre.
The ogre is moderately wounded.
The zap hits the ogre.
The ogre is moderately wounded.
The zap hits the ogre.
The ogre is heavily wounded.
You miscast Shock.
You are very lightly contaminated with residual magic.
Nothing appears to happen.
The ogre hits you with a +0 giant spiked club.
You barely miss the ogre.
The ogre is heavily wounded.
The ogre closely misses you.
You hit the ogre.
The ogre is heavily wounded.
The ogre hits you with a +0 giant spiked club!!
Ouch! That really hurt!
You focus on the pain.
You feel your power returning.
You hear a shout!
You hit the ogre.
The ogre is poisoned.
The ogre is severely wounded.
The ogre hits you with a +0 giant spiked club!!
You die...

...# ##...## ##.# #...#
#.# ##...## ##.# #8...8#
##.###+## ####...####
##.....(#8###8##...##8##
##......................
##..............O⌠......
................@.......
##......#8###8##...##8##
####....# # ####...####
##8#...... ..#8...8#
#....##### #.##...##
.....# #.##...# .....#
#.##...## ...###
#.#8...8# ..8#
########.##...##


You could see an ogre (very poisoned).

Vanquished Creatures
  Pargi (D:3)
  2 scorpions (D:4)
  A water moccasin skeleton (D:4)
  An iguana (D:4)
  Ijyb (D:3)
  7 gnolls
  2 adders (D:4)
  A shadow imp (D:3)
  8 dart slugs
  8 orcs
  10 bats
  6 endoplasms
  4 giant cockroaches
  3 goblins
  4 hobgoblins
  6 jackals
  2 quokkas
  6 ball pythons
  3 frilled lizards (D:1)
  2 kobolds
  12 rats
90 creatures vanquished.

Vanquished Creatures (others)
  2 fungi (D:4)
  5 plants
7 creatures vanquished.

Grand Total: 97 creatures vanquished

Notes
Turn   | Place    | Note
-------+----------+-------------------------------------------
     0 | D:1      | Essalna the Demonspawn Air Elementalist began the quest for
                  | the Orb.
     0 | D:1      | Reached XP level 1. HP: 13/13 MP: 3/3
   358 | D:1      | Found Eschuf's Antique Armour Shoppe.
   382 | D:1      | Gained mutation: You sometimes gain a little power by
                  | taking damage. [demonic ancestry]
   382 | D:1      | Reached XP level 2. HP: 19/19 MP: 0/5
   973 | D:1      | Gained mutation: You are partially covered in yellow
                  | scales. (AC +2) [demonic ancestry]
   973 | D:1      | Reached XP level 3. HP: 24/24 MP: 1/6
  1790 | D:2      | Reached XP level 4. HP: 31/31 MP: 5/8
  2028 | D:2      | Reached skill level 1 in Fighting
  3009 | D:3      | Reached XP level 5. HP: 38/38 MP: 9/9
  3017 | D:3      | Noticed Pargi
  3446 | D:3      | Learned a level 4 spell: Airstrike
  3602 | D:3      | Noticed Ijyb
  3610 | D:3      | Killed Ijyb
  3731 | D:3      | Killed Pargi
  3732 | D:3      | Gained mutation: Your touch may inflict minor irresistible
                  | damage on your foes. [demonic ancestry]
  3732 | D:3      | Reached XP level 6. HP: 33/46 MP: 0/11
  4088 | D:4      | Found a staircase to the Ecumenical Temple.
  4107 | Temple   | Entered the Ecumenical Temple
  4195 | Temple   | Became a worshipper of Vehumet
  4465 | D:4      | Found a blossoming altar of Fedhas.
  4682 | D:4      | Reached XP level 7. HP: 52/52 MP: 9/13
  4756 | D:4      | Mangled by an ogre

Illustrated notes

Levels and vault maps discovered:
D:1:      minmay_arrival_three_doors, layout_loops_ring, serial_shops,
          nicolae_shop_overgrown_old_shop, minmay_hexomino_p4
D:2:      layout_basic, grunt_ministairs_15
D:3:      layout_basic, uniq_pargi, uniq_ijyb
D:4:      layout_basic, fedhas_altar_3, minmay_temple_entry_glass,
          serial_corexii_hall, corexii_hall_statues_x, chequers_hall_statues_y
Temple:   regret_index_temple_generic_petals

Skill      XL: |  1  2  3  4  5  6 |
---------------+-------------------+-----
Air Magic      | 3 4 |  4.7
Conjurations   | 2 |  2.0
Fighting       | 1 2 3 |  3.5
Spellcasting   | 3 4 |  4.2
Dodging        | |  1.7
Stealth        | |  1.7

Action                   |  1- 3 |  4- 6 |  7- 9 || total
-------------------------+-------+-------+-------++-------
Melee: Unarmed           |     7 |       |       ||     7
       Dagger            |    37 |     7 |       ||    44
       Short sword       |       |    29 |     3 ||    32
 Cast: Shock             |    76 |   148 |     4 ||   228
  Use: Scroll            |       |     7 |       ||     7
Armor: Robe              |    27 |    28 |       ||    55
Dodge: Dodged            |    49 |    51 |     1 ||   101
Block: Buckler           |     9 |    18 |       ||    27

Table legend: (Time is in decaauts)
 A = Elapsed time spent in this place.
 B = Non-inter-level travel time spent in this place.
 C = Inter-level travel time spent in this place.
 D = Time resting spent in this place.
 E = Time spent auto-exploring this place.
 F = Levels seen in this place.
 G = Mean time per level.
                   A        B        C        D        E       F      G
               +--------+--------+--------+--------+--------+-----+--------+
         Total |   4768 |   4381 |    387 |     80 |   3491 |   5 |  953.6 |
       Dungeon |   4617 |   4255 |    362 |     80 |   3374 |   4 | 1154.2 |
        Temple |    150 |    125 |     25 |      0 |    117 |   1 |  150.0 |
               +--------+--------+--------+--------+--------+-----+--------+

Top non-repeatable levels by time:
     D:1: 1558 daAuts
     D:3: 1394 daAuts
     D:2: 986 daAuts
     D:4: 677 daAuts
  Temple: 150 daAuts
